 Dungeon Crawl Stone Soup version 0.19.0-16-g73b5abf (webtiles) character file.

39963 Patate the Severer (level 13, -3/128 HPs)
             Began as a Minotaur Berserker on Nov 10, 2016.
             Was an Elder of Trog.
             Slain by a sun demon (14 damage)
             ... on level 6 of the Lair of Beasts on Nov 11, 2016.
             The game lasted 00:52:28 (15969 turns).

Patate the Severer (Minotaur Berserker)            Turns: 15969, Time: 00:52:31

Health: -3/128     AC: 19    Str: 28    XL:     13   Next: 72%
Magic:  21/21      EV: 10    Int:  4    God:    Trog [****..]
Gold:   1132       SH:  0    Dex:  9    Spells: 0 memorised, 12 levels left

rFire  . . .     SeeInvis .     K - +2 broad axe "Dragonslayer" {speed, MP+9}
rCold  + + .     Gourm    .     C - +2 chain mail {rC+}
rNeg   + + .     Faith    .     (no shield)
rPois  .         Spirit   .     (helmet restricted)
rElec  .         Reflect  .     J - +0 cloak
rCorr  .         Harm     .     L - +2 pair of gloves of Beogh's Regard {rN+}
MR     ++...                    (no boots)
Stlth  ..........               E - amulet of regeneration
                                r - ring of positive energy
                                N - ring of protection from cold

@: lethally poisoned (-3 -> -3), about to teleport, weakened, regenerating
A: retaliatory headbutt, horns 2
a: Berserk, Trog's Hand, Brothers in Arms, Burn Spellbooks, Renounce Religion


You were on level 6 of the Lair of Beasts.
You worshipped Trog.
Trog was greatly pleased with you.
You were very hungry.

You visited 3 branches of the dungeon, and saw 18 of its levels.

You collected 1132 gold pieces.

Inventory:

Hand Weapons
 a - a +1 war axe of freezing
 b - a +5 arbalest of freezing
 w - a +0 spear
 z - the +7 halberd "Panakh" {flame, rPois Dex+5}
   (You found it on level 2 of the Lair of Beasts)

   It has been specially enchanted to burn those struck by it, causing extra
   injury to most foes and up to half again as much damage against particularly
   susceptible opponents.
   Big, fiery blades are also staple armaments of hydra-hunters.
   It affects your dexterity (+5).
   It protects you from poison.
 K - the +2 broad axe "Dragonslayer" (weapon) {speed, MP+9}
   (You found it on level 5 of the Lair of Beasts)

   Attacks with this weapon are significantly faster.
   It affects your magic capacity (+9).
Missiles
 H - 65 bolts
Armour
 C - a +2 chain mail of cold resistance (worn)
 J - a +0 cloak (worn)
 L - the +2 pair of gloves of Beogh's Regard (worn) {rN+}
   (You found it on level 2 of the Lair of Beasts)

   It protects you from negative energy.
Jewellery
 m - an uncursed amulet of guardian spirit
 r - a ring of positive energy (right hand)
 y - a +6 amulet of reflection
 E - an amulet of regeneration (around neck)
 N - a ring of protection from cold (left hand)
Wands
 k - a wand of digging (14/24)
 A - a wand of iceblast (2/15)
 F - a wand of polymorph (9/24)
Scrolls
 e - 7 scrolls of blinking
 l - 6 scrolls of remove curse
 n - 6 scrolls of identify
 s - a scroll of immolation
 t - 4 scrolls of teleportation
 v - 2 scrolls of recharging
 x - a scroll of enchant weapon
 D - 2 scrolls of fear
 G - 2 scrolls of magic mapping
 I - a scroll of brand weapon
 O - a scroll of vulnerability {unknown}
Potions
 d - a potion of might
 g - 7 potions of flight
 h - a potion of brilliance {unknown}
 j - a potion of magic
 q - a potion of haste
 u - a potion of invisibility
 M - a potion of cure mutation
Comestibles
 c - 12 bread rations
 f - 8 meat rations
 o - a beef jerky
 p - 10 royal jellies
 B - a slice of pizza
 P - 4 chunks of flesh


   Skills:
 * Level 16.0 Fighting
 - Level 19.1 Axes
 + Level 11.6 Armour
 - Level 2.1 Dodging


You had 12 spell levels left.
You didn't know any spells.

Dungeon Overview and Level Annotations

Branches:
Dungeon (11/15)            Temple (1/1) D:6            Lair (6/6) D:10
  Swamp (0/4) Lair:3        Snake (0/4) Lair:3          Orc (0/2) D:11
  Slime: Lair:5-6

Altars:
Ashenzari
Cheibriados
Dithmenos
Elyvilon
Fedhas
Gozag
Hepliaklqana
Kikubaaqudgha
Makhleb
Nemelex Xobeh
Okawaru
Qazlal
Ru
Sif Muna
Trog
Uskayaw
Vehumet
Xom
Yredelemnul
Zin
The Shining One

Shops:
D:4 (   D:8 ?%}   D:11 (

Annotations:
D:4 shop unique
D:8 scroll int


Innate Abilities, Weirdness & Mutations

You reflexively headbutt those who attack you in melee.
You have a pair of horns on your head.


Message History

The sun demon is lightly wounded.
You feel sick. The sun demon hits you.
You are engulfed in flames!!
The orange demon closely misses you.
Your chain mail prevents you from hitting the sun demon.
You headbutt the sun demon, but do no damage.
The sun demon is lightly wounded.
You feel sick. The sun demon hits you.
You are engulfed in flames!
* * * LOW HITPOINT WARNING * * *
You feel sick.
You closely miss the sun demon.
You headbutt the sun demon, but do no damage.
The sun demon is lightly wounded.
As you read the scroll of teleportation, it crumbles to dust.
You feel strangely unstable. The sun demon hits you.
* * * LOW HITPOINT WARNING * * *
You are engulfed in flames!!
* * * LOW HITPOINT WARNING * * *
The sun demon hits you!
You die...

#...8.8..###############
#..8.8...4.............#
#........#4..8....8....#
♣♣♣+#########.....4.......#
♣♣.♣♣♣ ######''#######
.....♣♣♣ ♣......♣
♣♣♣....♣♣♣ ♣♣♣4.♣♣♣ ♣
♣♣♣♣...♣♣ ♣♣♣3.♣♣
♣♣...♣♣♣♣♣.@♣♣♣
♣♣♣..♣♣÷.♣♣♣ ♣.†...♣♣♣
♣♣...♣♣ ♣♣..♣ ♣♣♣.# ♣♣♣♣♣♣
♣♣..... ♣♣♣..♣♣♣♣♣♣.......
♣......♣♣........#
..................


You could see a sun demon and an orange demon.

Vanquished Creatures
  Kirke (Lair:6)
  A dire elephant (Lair:6)
  3 hydras (Lair:6)
  5 death yaks (Lair:6)
  Sonja (Lair:3)
  The ghost of Gaplan the Arsonist, a novice DEFE (D:8)
  A wizard (Lair:6)
  A wolf spider (Lair:6)
  An ugly thing (D:11)
  An elephant (Lair:6)
  A black mamba (Lair:3)
  7 spiny frogs
  A gargoyle (D:10)
  An orange demon (Lair:6)
  2 rime drakes (Lair:6)
  An ice devil (Lair:6)
  10 komodo dragons
  A two-headed ogre (D:8)
  3 trolls
  A hornet (D:10)
  15 blink frogs
  8 dream sheep (Lair:6)
  11 hippogriffs
  The ghost of RKaid the Cudgeler, an amateur GrFi (D:4)
  2 wyverns
  10 yaks
  Eustachio (D:5)
  4 basilisks
  7 hogs (Lair:6)
  A human (shapeshifter) (D:11)
  Grum (D:8)
  A hungry ghost (D:11)
  3 nagas (Lair:3)
  9 water moccasins
  2 hell hounds (D:10)
  12 porcupines
  A black bear (shapeshifter) (D:9)
  An eye of draining (D:8)
  7 orc warriors
  2 black bears
  2 necrophages
  2 sky beasts
  2 ice beasts
  3 ogres
  12 wolves
  A phantom (D:4)
  4 crocodiles
  4 centaurs
  A big kobold (D:9)
  12 bullfrogs
  A water moccasin zombie (D:11)
  3 scorpions
  30 killer bees
  3 howler monkeys
  A bullfrog zombie (D:11)
  A centaur zombie (D:10)
  3 crimson imps
  5 hounds
  A centaur skeleton (D:4)
  4 jellies
  5 bullfrog skeletons
  3 orc priests
  7 orc wizards
  4 iguanas
  11 worker ants
  2 killer bee zombies (D:5)
  A hound zombie (D:10)
  A hound skeleton (D:4)
  A worker ant zombie (D:6)
  7 gnolls
  11 adders
  A howler monkey skeleton (D:8)
  An ooze (D:6)
  2 adder skeletons
  3 dart slugs
  5 leopard geckos
  35 orcs
  2 ball pythons
  7 giant cockroaches
  4 goblins
  4 hobgoblins
  22 jackals
  5 quokkas
  9 bats
  8 frilled lizards
  A jackal zombie (D:6)
  8 kobolds
  A leopard gecko skeleton (D:5)
  A leopard gecko zombie (D:6)
  11 rats
  2 fungi
  A plant (Lair:2)
424 creatures vanquished.

Vanquished Creatures (collateral kills)
  Fannar (Lair:3)
  A hydra (Lair:2)
  A death yak (Lair:6)
  A sixfirhy (Lair:6)
  An orange demon (Lair:6)
  An ice devil (Lair:6)
  A queen bee (Lair:1)
  A crocodile (Lair:1)
  5 killer bees (Lair:1)
13 creatures vanquished.

Vanquished Creatures (others)
  3 plants
3 creatures vanquished.

Grand Total: 440 creatures vanquished

Notes
Turn   | Place    | Note
-------+----------+-------------------------------------------
     0 | D:1      | Patate the Minotaur Berserker began the quest for the Orb.
     0 | D:1      | Reached XP level 1. HP: 19/19 MP: 0/0
   122 | D:1      | Reached XP level 2. HP: 16/27 MP: 1/1
   859 | D:1      | Reached skill level 4 in Axes
   881 | D:1      | Reached XP level 3. HP: 27/34 MP: 2/2
   931 | D:1      | Reached ** piety under Trog
  1264 | D:2      | Found a white marble altar of Elyvilon.
  1315 | D:2      | Found a shadowy altar of Dithmenos.
  1713 | D:3      | Reached skill level 5 in Fighting
  1713 | D:3      | Reached XP level 4. HP: 42/42 MP: 3/3
  1988 | D:3      | Reached *** piety under Trog
  2321 | D:3      | Reached XP level 5. HP: 41/49 MP: 4/4
  2645 | D:4      | Noticed a phantom
  2650 | D:4      | Killed a phantom
  2650 | D:4      | Reached skill level 5 in Axes
  2735 | D:4      | Reached XP level 6. HP: 41/57 MP: 3/5
  3091 | D:4      | Noticed RKaid's ghost (amateur GrFi)
  3100 | D:4      | Killed RKaid's ghost
  3100 | D:4      | Reached XP level 7. HP: 51/66 MP: 2/6
  3153 | D:4      | Reached skill level 5 in Armour
  3589 | D:4      | Found Modymoej's Antique Weapon Shop.
  3681 | D:4      | Reached skill level 6 in Axes
  3699 | D:5      | Entered Level 5 of the Dungeon
  3870 | D:5      | Reached **** piety under Trog
  3889 | D:5      | Noticed Eustachio
  3897 | D:5      | Killed Eustachio
  4123 | D:5      | Reached XP level 8. HP: 65/75 MP: 5/7
  4551 | D:6      | Reached skill level 7 in Axes
  4818 | D:6      | Found a burning altar of Makhleb.
  4873 | D:6      | Found a staircase to the Ecumenical Temple.
  4929 | Temple   | Entered the Ecumenical Temple
  5043 | D:6      | Found a shimmering altar of Xom.
  5493 | D:7      | Noticed a hippogriff
  5598 | D:7      | Reached skill level 10 in Fighting
  6247 | D:7      | Reached skill level 8 in Axes
  6252 | D:7      | Found a sparkling altar of Nemelex Xobeh.
  6271 | D:7      | Killed a hippogriff
  6271 | D:7      | Reached XP level 9. HP: 76/86 MP: 8/8
  6796 | D:8      | Found Xuipsizio's Food Boutique.
  6816 | D:8      | Noticed Gaplan's ghost (novice DEFE)
  6840 | D:8      | Killed Gaplan's ghost
  6840 | D:8      | Reached skill level 9 in Axes
  7191 | D:8      | Found Rozxubeidgh's Magic Scroll Shoppe.
  7201 | D:8      | Reached ***** piety under Trog
  7475 | D:8      | Found Woom's Gadget Emporium.
  7690 | D:8      | Noticed Grum
  7699 | D:8      | Killed Grum
  7701 | D:8      | Reached XP level 10. HP: 78/99 MP: 9/9
  7883 | D:9      | Reached skill level 10 in Axes
  8181 | D:9      | Reached skill level 11 in Axes
  8306 | D:9      | Found a hazy altar of Hepliaklqana.
  8404 | D:9      | Reached skill level 12 in Axes
  8618 | D:9      | Found a faded altar of an unknown god.
  8618 | D:9      | Found a faded altar of an unknown god.
  8623 | D:9      | Found a faded altar of an unknown god.
  8625 | D:9      | Found a stormy altar of Qazlal.
  8627 | D:9      | Found a faded altar of an unknown god.
  8677 | D:10     | Entered Level 10 of the Dungeon
  8818 | D:10     | Reached skill level 13 in Axes
  8852 | D:10     | Got a jewelled whip
  8853 | D:10     | Identified the +9 whip "Kimo" {slash, rElec Str-5 Dex-5 SInv} (You found it on level 10 of the Dungeon)
  9022 | D:10     | Found a staircase to the Lair.
  9229 | D:11     | Noticed a gargoyle
  9241 | D:10     | Killed a gargoyle
  9287 | D:11     | Noticed a green ugly thing
  9295 | D:11     | Killed a green ugly thing
  9295 | D:11     | Reached XP level 11. HP: 103/105 MP: 10/10
  9312 | D:11     | Found Juro's Weapon Boutique.
  9469 | D:11     | Reached skill level 14 in Axes
  9574 | D:11     | Received a gift from Trog
  9831 | D:11     | Found a staircase to the Orcish Mines.
 10153 | Lair:1   | Entered Level 1 of the Lair of Beasts
 10702 | Lair:1   | Reached skill level 15 in Axes
 11094 | Lair:1   | Reached skill level 16 in Axes
 11536 | Lair:2   | Noticed a four-headed hydra
 11542 | Lair:2   | Killed a four-headed hydra
 11785 | Lair:2   | Got a pair of spiked gloves
 11796 | Lair:2   | Identified the +2 pair of gloves of Beogh's Regard {rN+} (You found it on level 2 of the Lair of Beasts)
 11823 | Lair:2   | Got a jewelled halberd
 11824 | Lair:2   | Identified the +7 halberd "Panakh" {flame, rPois Dex+5} (You found it on level 2 of the Lair of Beasts)
 11866 | Lair:2   | Reached XP level 12. HP: 115/115 MP: 11/11
 12363 | Lair:3   | Found a staircase to the Swamp.
 12493 | Lair:3   | Received a gift from Trog
 12506 | Lair:3   | Noticed Fannar
 12511 | Lair:3   | Killed Fannar
 12678 | Lair:3   | Reached skill level 10 in Armour
 12705 | Lair:3   | Noticed Sonja
 13003 | Lair:3   | Found a staircase to the Snake Pit.
 13233 | Lair:3   | Killed Sonja
 13867 | Lair:4   | Found a dark tunnel.
 13996 | Lair:4   | Reached skill level 15 in Fighting
 14208 | Lair:5   | Got a bloodstained broad axe
 14236 | Lair:5   | Identified the cursed +2 broad axe "Dragonslayer" {speed, MP+9} (You found it on level 5 of the Lair of Beasts)
 14507 | Lair:5   | Reached skill level 17 in Axes
 14873 | Lair:6   | Entered Level 6 of the Lair of Beasts
 14906 | Lair:6   | Noticed a six-headed hydra
 14913 | Lair:6   | Killed a four-headed hydra
 14963 | Lair:6   | Noticed a seven-headed hydra
 14975 | Lair:6   | Killed a four-headed hydra
 14976 | Lair:6   | Noticed a five-headed hydra
 15085 | Lair:6   | Noticed a death yak
 15085 | Lair:6   | Noticed a death yak
 15087 | Lair:6   | Noticed a death yak
 15087 | Lair:6   | Noticed a death yak
 15089 | Lair:6   | Noticed a death yak
 15095 | Lair:6   | Noticed a death yak
 15101 | Lair:6   | Killed a death yak
 15101 | Lair:6   | Reached XP level 13. HP: 91/126 MP: 12/12
 15108 | Lair:6   | Reached skill level 18 in Axes
 15347 | Lair:6   | Noticed Kirke
 15391 | Lair:6   | Killed Kirke
 15391 | Lair:6   | Reached skill level 19 in Axes
 15707 | Lair:6   | Noticed a dire elephant
 15733 | Lair:6   | Killed a dire elephant
 15923 | Lair:6   | Found a burning altar of Makhleb.
 15969 | Lair:6   | Slain by a sun demon

Skill      XL: |  1  2  3  4  5  6  7  8  9 10 11 12 13 |
---------------+----------------------------------------+-----
Fighting       | 4 5 6 7 8 10 12 13 15 16 | 16.0
Axes           | 4 5 6 8 9 13 16 17 19 | 19.1
Armour         | 3 4 5 7 8 9 10 11 | 11.6
Dodging        | |  2.1

Action                   |  1- 3 |  4- 6 |  7- 9 | 10-12 | 13-15 || total
-------------------------+-------+-------+-------+-------+-------++-------
Melee: Hand axe          |   105 |    94 |    52 |       |       ||   251
       Headbutt          |    13 |    16 |    43 |   144 |    54 ||   270
       War axe           |       |       |   226 |   480 |       ||   706
       Whip              |       |       |       |     5 |       ||     5
       Halberd           |       |       |       |    86 |     6 ||    92
       Spear             |       |       |       |     3 |       ||     3
       Broad axe         |       |       |       |    77 |   174 ||   251
 Fire: Arbalest          |       |       |       |     2 |       ||     2
Invok: Burn Spellbooks   |       |     1 |     2 |     3 |       ||     6
       Berserk           |       |     1 |     2 |       |       ||     3
       Trog's Hand       |       |       |     2 |     5 |     2 ||     9
       Brothers in Arms  |       |       |       |     7 |     2 ||     9
  Use: Scroll            |     3 |     5 |     9 |     9 |     1 ||    27
       Potion            |       |       |     6 |     2 |     1 ||     9
 Stab: Distracted        |       |       |       |       |     1 ||     1
  Eat: Chunk             |     3 |     4 |    17 |    21 |     4 ||    49
       Pizza             |       |       |       |     5 |       ||     5
       Beef jerky        |       |       |       |     1 |       ||     1
Armor: Animal skin       |    16 |       |       |       |       ||    16
       Ring mail         |    10 |    33 |    66 |       |       ||   109
       Leather armour    |     6 |       |       |       |       ||     6
       Chain mail        |       |       |    35 |   360 |    85 ||   480
Dodge: Dodged            |    92 |    70 |   153 |   272 |    57 ||   644
